 Dungeon Crawl Stone Soup version 0.24.0-37-gcf1ca852f1 (webtiles) character file.

Game seed: 1207805381334962724, levelgen mode: deterministic

681115 Amplified the Conqueror (level 27, -13/218 HPs)
             Began as a Minotaur Wizard on Dec 7, 2019.
             Was the Champion of Ru.
             Mangled by Soavong the pandemonium lord (26 damage)
             ... on level 4 of a ziggurat on Dec 8, 2019.
             The game lasted 02:25:50 (68196 turns).

Amplified the Conqueror (Minotaur Wizard)          Turns: 68196, Time: 02:25:50

Health: -13/218    AC: 28    Str: 38 (40) XL:     27
Magic:  1/35       EV: 30    Int: 13      God:    Ru [******]
Gold:   3013       SH:  0    Dex: 15 (16) Spells: 32/54 levels left

rFire    + + +     SeeInvis +   i - +9 lajatang (elec)
rCold    + + +     Gourm    +   (shield currently unavailable)
rNeg     . . .     Faith    .   U - +5 ring mail of Toma {rElec rC+ Dex+5 Stlth-}
rPois    +         Spirit   .   (helmet restricted)
rElec    +         Reflect  .   R - +2 cloak {rF+}
rCorr    .         Harm     .   C - +0 pair of gloves of the Constellations {+Inv Slay+5}
MR       ++++.                  F - +2 pair of boots
Stlth    ..........             B - amulet "Piebbial" {Gourm rC++ Str+4}
HPRegen  0.46/turn              N - ring of Fun {rPois rC+ MR++ Str+4 Int-2 SInv}
MPRegen  0.24/turn              Z - ring "Yloiv" {*Drain rF++ rC+ Str+6}

@: mighty, exhausted, very slightly contaminated
A: retaliatory headbutt, horns 2, icy blue scales 1, see invisible, clumsy 1,
deterioration 1, fire resistance 1, frail 2, low mp 1, screaming 1, no stealth,
hated by all, no charms magic, no fire magic, no necromancy magic, temperature
sensitive
}: 5/15 runes: serpentine, barnacled, slimy, silver, abyssal
a: Draw Out Power, Power Leap, Apocalypse, Renounce Religion, Evoke Invisibility


You were on level 4 of a ziggurat.
You worshipped Ru.
Ru was exalted by your worship.
You were hungry.

You visited 10 branches of the dungeon, and saw 52 of its levels.
You visited the Abyss 1 time.
You visited 1 ziggurat, and saw 4 of its levels.
You also visited: Trove, Bailey, Ice Cave, Volcano and Wizlab.

You collected 9109 gold pieces.
You spent 6096 gold pieces at shops.

Inventory:

Hand Weapons
 f - a +9 eveningstar of draining
 i - a +9 lajatang of electrocution (weapon)
 J - a +9 vampiric eveningstar
 P - the +10 longbow "Byakaur" {venom, MR+}
   (You found it on level 3 of the Crypt)

   It poisons the ammo it fires.
   It affects your resistance to hostile enchantments.
Missiles
 L - 50 silver javelins
 S - 7 curare-tipped darts
 V - 2 throwing nets (quivered)
Armour
 k - the +5 plate armour "Evigigij" {rElec rF+ Str+4 Dex-3}
   (You found it on level 3 of the Vaults)

   It affects your strength (+4).
   It affects your dexterity (-3).
   It protects you from fire.
   It insulates you from electricity.
 p - a +3 buckler of fire resistance
 A - the +7 storm dragon scales of the Nine Coins {rElec Str+4}
   (You took it off a vault guard on level 5 of the Vaults)

   It affects your strength (+4).
   It insulates you from electricity.
 C - the +0 pair of gloves of the Constellations (worn) {+Inv Slay+5}
   (You found it on level 5 of the Pits of Slime)

   It affects your accuracy and damage with ranged weapons and melee attacks
   (+5).
   It lets you turn invisible.
 F - a +2 pair of boots (worn)
 H - the +1 pair of gloves of the Three Lovers {rElec MR- Int+8}
   (You found it on level 1 of the Shoals)

   It affects your intelligence (+8).
   It insulates you from electricity.
   It affects your resistance to hostile enchantments.
 R - a +2 cloak of fire resistance (worn)
 U - the +5 ring mail of Toma (worn) {rElec rC+ Dex+5 Stlth-}
   (You found it on level 14 of the Dungeon)

   It affects your dexterity (+5).
   It protects you from cold.
   It insulates you from electricity.
   It makes you less stealthy.
Jewellery
 h - the ring of Bocvy {rC+ Str+6}
   (You found it on level 3 of the Elven Halls)

   [ring of protection from cold]

   It affects your strength (+6).
   It protects you from cold.
 o - the ring "Guor Voa" {+Blink rElec rC++ Int-3 Slay+3}
   (You found it in a treasure trove)

   [ring of slaying]

   It affects your intelligence (-3).
   It affects your accuracy and damage with ranged weapons and melee attacks
   (+3).
   It greatly protects you from cold.
   It insulates you from electricity.
   It lets you blink.
 r - an uncursed ring of resist corrosion
 s - an uncursed ring of see invisible
 z - an uncursed ring of flight
 B - the amulet "Piebbial" (around neck) {Gourm rC++ Str+4}
   (You found it in a treasure trove)

   [amulet of the gourmand]

   It allows you to eat raw meat even when not hungry.
   It affects your strength (+4).
   It greatly protects you from cold.
 D - an uncursed amulet of the acrobat
 I - the ring "Ireyc" {-Tele rN+ Str+5 Dex+4}
   (You found it on level 3 of the Crypt)

   [ring of positive energy]

   It affects your strength (+5).
   It affects your dexterity (+4).
   It protects you from negative energy.
   It prevents most forms of teleportation.
 M - the ring "Weanetid" {rElec rN+ MR+ Str+3 Int-3}
   (You found it on level 3 of the Crypt)

   [ring of positive energy]

   It affects your strength (+3).
   It affects your intelligence (-3).
   It insulates you from electricity.
   It protects you from negative energy.
   It affects your resistance to hostile enchantments.
 N - the ring of Fun (left hand) {rPois rC+ MR++ Str+4 Int-2 SInv}
   (You found it on level 6 of the Lair of Beasts)

   [ring of protection from cold]

   It affects your strength (+4).
   It affects your intelligence (-2).
   It protects you from cold.
   It protects you from poison.
   It affects your resistance to hostile enchantments.
   It lets you see invisible.
 Z - the ring "Yloiv" (right hand) {*Drain rF++ rC+ Str+6}
   (You bought it in a shop on level 1 of the Depths)

   [ring of strength]

   It affects your strength (+6).
   It greatly protects you from fire.
   It protects you from cold.
   It causes draining when unequipped.
Wands
 l - a wand of scattershot (7)
 u - a wand of acid (28)
 G - a wand of paralysis (6)
 K - a wand of digging (17)
Scrolls
 a - 2 scrolls of silence
 c - 2 scrolls of blinking
 g - 13 scrolls of amnesia
 j - 20 scrolls of teleportation
 m - 23 scrolls of remove curse
 y - 11 scrolls of fear
 E - 2 scrolls of fog
 W - 2 scrolls of enchant weapon
 X - 2 scrolls of identify
Potions
 b - 9 potions of magic
 e - 6 potions of mutation
 v - a potion of curing
 x - 9 potions of brilliance
 T - 2 potions of resistance
 Y - 3 potions of flight
Miscellaneous
 O - a lamp of fire (inert)
Comestibles
 d - 71 rations
 q - 6 chunks of flesh


   Skills:
 O Level 27 Fighting
   Level 1.0 Short Blades
   Level 14.3(14.6) Axes
   Level 5.2(14.5) Polearms
 - Level 15.8(16.1) Staves
 O Level 27 Armour
 * Level 24.9 Dodging
 - Level 2.7 Shields
 - Level 14.0 Spellcasting
 - Level 11.6 Conjurations
   Level 0.6 Summonings
 - Level 10.9 Translocations
 - Level 8.0 Evocations


You had 32 spell levels left.
You knew the following spells:

 Your Spells              Type           Power        Failure   Level  Hunger
a - Magic Dart            Conj           ####         1%          1    None
b - Blink                 Tloc           N/A          1%          2    None
c - Slow                  Hex            #.......     12%         2    None
d - Portal Projectile     Hex/Tloc       ###...       2%          3    None
e - Silence               Hex/Air        #.........   92%         5    #####..
f - Mephitic Cloud        Conj/Pois/Air  ###.....     4%          3    None
g - Confusing Touch       Hex            #.....       9%          1    None
h - Apportation           Tloc           #####.       1%          1    None
i - Force Lance           Conj/Tloc      #####...     1%          4    ###....

Your spell library contained the following spells:

 Spells                   Type           Power        Failure   Level  Hunger
 Shock                    Conj/Air       ###.         1%          1    None
 Sting                    Conj/Pois      ###.         1%          1    None
 Throw Frost              Conj/Ice       ###...       1%          2    None
 Gell's Gravitas          Tloc           #####.....   1%          3    None
 Lesser Beckoning         Tloc           #####.....   1%          3    None
 Teleport Other           Tloc           #####...     1%          3    None
 Passage of Golubria      Tloc           N/A          1%          4    ###....
 Dazzling Spray           Conj/Hex       ###...       2%          3    None
 Static Discharge         Conj/Air       ###.....     2%          3    None
 Stone Arrow              Conj/Erth      ###...       2%          3    None
 Fulminant Prism          Conj/Hex       ###.......   8%          4    ###....
 Beastly Appendage        Tmut           #.....       9%          1    None
 Corona                   Hex            #......      9%          1    None
 Sandblast                Erth           #.....       9%          1    None
 Ensorcelled Hibernation  Hex/Ice        #.....       12%         2    None
 Passwall                 Tmut/Erth      #.......     12%         2    None
 Poisonous Vapours        Pois/Air       #.....       12%         2    None
 Irradiate                Conj/Tmut      ###.......   22%         5    #####..
 Lightning Bolt           Conj/Air       ###.......   22%         5    #####..
 Venom Bolt               Conj/Pois      ###.......   22%         5    #####..
 Confuse                  Hex            #.......     24%         3    None
 Spider Form              Tmut/Pois      #.........   24%         3    None
 Tukima's Dance           Hex            #.......     24%         3    None
 Orb of Destruction       Conj           #####.....   52%         7    #######
 Airstrike                Air            #.........   63%         4    ###....
 Cause Fear               Hex            #.........   63%         4    ###....
 Ice Form                 Ice/Tmut       #.......     63%         4    ###....
 Leda's Liquefaction      Hex/Erth       #.........   63%         4    ###....
 Olgreb's Toxic Radiance  Pois           #.......     63%         4    ###....
 Petrify                  Tmut/Erth      #.......     63%         4    ###....
 Bolt of Cold             Conj/Ice       ###.......   75%         6    ######.
 Conjure Ball Lightning   Conj/Air       ###.......   75%         6    ######.
 Iron Shot                Conj/Erth      ###.......   75%         6    ######.
 Aura of Abjuration       Summ           ##........   87%         5    #####..
 Alistair's Intoxication  Tmut/Pois      #.......     92%         5    #####..
 Blade Hands              Tmut           #.........   92%         5    #####..
 Lee's Rapid Deconstruct  Erth           #.........   92%         5    #####..
 Metabolic Englaciation   Hex/Ice        #.........   92%         5    #####..
 Yara's Violent Unravell  Hex/Tmut       #.........   92%         5    #####..
 Freezing Cloud           Conj/Ice/Air   ###.......   95%         6    ######.
 Hydra Form               Tmut           #.........   100%        6    ######.
 Ozocubu's Refrigeration  Ice            #.........   100%        6    ######.
 Statue Form              Tmut/Erth      #........    100%        6    ######.
 Dragon Form              Tmut           #.........   100%        7    #######
 Discord                  Hex            #.........   100%        8    #######
 Tornado                  Air            #.........   100%        9    #######
 Flame Tongue             Conj/Fire      Unusable     N/A         1    N/A
 Shroud of Golubria       Chrm/Tloc      Unusable     N/A         2    N/A
 Throw Flame              Conj/Fire      Unusable     N/A         2    N/A
 Conjure Flame            Conj/Fire      Unusable     N/A         3    N/A
 Recall                   Summ/Tloc      Unusable     N/A         3    N/A
 Summon Butterflies       Summ           Unusable     N/A         1    N/A
 Summon Small Mammal      Summ           Unusable     N/A         1    N/A
 Sticky Flame             Conj/Fire      Unusable     N/A         4    N/A
 Animate Skeleton         Necr           Unusable     N/A         1    N/A
 Pain                     Necr           Unusable     N/A         1    N/A
 Call Imp                 Summ           Unusable     N/A         2    N/A
 Corpse Rot               Necr           Unusable     N/A         2    N/A
 Sticks to Snakes         Tmut           Unusable     N/A         2    N/A
 Sublimation of Blood     Necr           Unusable     N/A         2    N/A
 Swiftness                Chrm/Air       Unusable     N/A         2    N/A
 Call Canine Familiar     Summ           Unusable     N/A         3    N/A
 Summon Guardian Golem    Hex/Summ       Unusable     N/A         3    N/A
 Bolt of Draining         Conj/Necr      Unusable     N/A         5    N/A
 Fireball                 Conj/Fire      Unusable     N/A         5    N/A
 Iskenderun's Battlesphe  Conj/Chrm      Unusable     N/A         5    N/A
 Summon Forest            Summ/Tloc      Unusable     N/A         5    N/A
 Ignite Poison            Fire/Tmut/Pois Unusable     N/A         3    N/A
 Inner Flame              Hex/Fire       Unusable     N/A         3    N/A
 Ozocubu's Armour         Chrm/Ice       Unusable     N/A         3    N/A
 Regeneration             Chrm/Necr      Unusable     N/A         3    N/A
 Vampiric Draining        Necr           Unusable     N/A         3    N/A
 Bolt of Magma            Conj/Fire/Erth Unusable     N/A         5    N/A
 Summon Ice Beast         Ice/Summ       Unusable     N/A         4    N/A
 Summon Lightning Spire   Summ/Air       Unusable     N/A         4    N/A
 Animate Dead             Necr           Unusable     N/A         4    N/A
 Bolt of Fire             Conj/Fire      Unusable     N/A         6    N/A
 Summon Demon             Summ           Unusable     N/A         5    N/A
 Summon Mana Viper        Hex/Summ       Unusable     N/A         5    N/A
 Agony                    Necr           Unusable     N/A         5    N/A
 Dispel Undead            Necr           Unusable     N/A         5    N/A
 Excruciating Wounds      Chrm/Necr      Unusable     N/A         5    N/A
 Spellforged Servitor     Conj/Summ      Unusable     N/A         7    N/A
 Deflect Missiles         Chrm/Air       Unusable     N/A         6    N/A
 Shadow Creatures         Summ           Unusable     N/A         6    N/A
 Simulacrum               Ice/Necr       Unusable     N/A         6    N/A
 Malign Gateway           Summ/Tloc      Unusable     N/A         7    N/A
 Ring of Flames           Chrm/Fire      Unusable     N/A         7    N/A
 Summon Hydra             Summ           Unusable     N/A         7    N/A
 Ignition                 Fire           Unusable     N/A         8    N/A
 Dragon's Call            Summ           Unusable     N/A         9    N/A

Dungeon Overview and Level Annotations

Branches:
Dungeon (15/15)            Temple (0/1) D:7            Lair (6/6) D:10
 Shoals (4/4) Lair:4        Snake (4/4) Lair:4        Slime (5/5) Lair:6
    Orc (2/2) D:10            Elf (3/3) Orc:2        Vaults (5/5) D:14
  Crypt (3/3) Vaults:3       Tomb (0/3) Crypt:3      Depths (5/5) D:15
    Zot (0/5) Depths:5     Bailey (visited)           IceCv (visited)
Volcano (visited)          WizLab (visited)

Altars:
Ashenzari
Elyvilon
Hepliaklqana
Kikubaaqudgha
Makhleb
Nemelex Xobeh
Ru
Trog
Xom
Yredelemnul
Jiyva

Shops:
D:4 [   D:15 }}(([   Orc:2 :(*?   Elf:1 *   Elf:3 [:!%[   Shoals:4 [
Snake:3 ?   Vaults:1 (   Vaults:2 (   Vaults:4 (   Depths:1 (=}=   Depths:5 =

Portals:
Hell: Depths:1 Depths:2 Depths:3 Depths:4 Depths:5
Abyss: Depths:1 Depths:4
Pandemonium: Depths:2 Depths:3 Depths:4

Annotations:
D:15 rCorr and boots
Lair:4
Elf:3 Consider jump in rock'a'lypse to Elfs.
Depths:1 Yloiv
Depths:2 Think for ending setup


Innate Abilities, Weirdness & Mutations

You reflexively headbutt those who attack you in melee.
You have a pair of horns on your head.
You are clumsy. (Dex -2)
You cannot be stealthy.
You are hated by all.
You cannot study or cast Charms magic.
You cannot study or cast Fire magic.
You cannot study or cast Necromancy magic.
You are sensitive to extremes of temperature. (rF-, rC-)
You are partially covered in icy blue scales. (AC +2)
You have supernaturally acute eyesight. (SInv)
Your body sometimes deteriorates upon taking damage.
Your flesh is heat resistant. (rF+)
You are very frail. (-20% HP)
Your magical capacity is low. (-10% MP)
You occasionally shout uncontrollably at your foes.


Message History

Soavong hits you!!
* * * LOW HITPOINT WARNING * * *
Your body deteriorates!
You feel clumsy.
You feel your power leaking away.
Unknown command.
Unknown command.
Okay, then.
You feel better. Soavong hits you!!
* * * LOW HITPOINT WARNING * * *
Your body deteriorates!
You feel weakened.
You feel your power leaking away.
You focus your will and blind Soavong in retribution!
Unknown command.
Unknown command.
Unknown command.
Blink to where?
Press: ? - help, Dir - move target cursor You are very lightly contaminated with residual magic.
As you read the scroll of blinking, it crumbles to dust.
Are you sure you want to leave this ziggurat?
Soavong hits you!!
You die...

▓▓▓ ▓▓▓▓▓.▓▓▓▓▓
▓▓.........▓▓
▓▓...........▓▓
▓.............▓
▓▓.∩...........▓▓
▓.!>:........∩..▓
▓▓.@&..........▓▓
▓.............▓
▓▓...........▓▓
▓▓.........▓▓
▓▓▓▓▓.▓▓▓▓▓ ▓▓▓


You could see Soavong (blind).

Vanquished Creatures
  the Royal Jelly (Slime:5)
  An ancient lich (WizLab)
  Khufu (Crypt:2)
  2 juggernauts
  A greater mummy (Crypt:2)
  Boris (Crypt:2)
  Frederick (Vaults:3)
  Margery (Depths:3)
  Bai Suzhen (Shoals:3)
  Saint Roka (Vaults:4)
  5 caustic shrikes
  A profane servitor (Crypt:3)
  2 golden dragons (Depths:5)
  A Tzitzimitl (Zig:4)
  Rupert (D:13)
  4 tentacled monstrosities
  The ghost of Gygal Fez the Peltast, an adept MiFi of Okawaru (Snake:3)
  3 titans (Vaults:5)
  4 deep elf blademasters (Elf:3)
  2 deep elf master archers (Elf:3)
  A quicksilver dragon (Vaults:5)
  5 sphinxes
  9 liches
  5 tentacled starspawn
  26 acid blobs
  Agnes (Vaults:3)
  5 ancient champions
  Frances (Snake:2)
  3 shadow dragons
  7 tengu reavers
  7 storm dragons
  8 nagarajas (Snake:4)
  7 azure jellies
  4 revenants
  14 fire giants
  2 daevas
  A draconian scorcher (Depths:5)
  16 vault wardens
  5 curse skulls
  13 deep elf sorcerers
  4 draconian monks (Depths:5)
  3 deep elf elementalists
  20 frost giants
  A cacodemon (Zig:4)
  14 ghouls
  15 ironheart preservers
  3 draconian annihilators (Depths:5)
  A spriggan defender (Depths:4)
  2 war gargoyles
  2 reapers
  28 very ugly things
  A green draconian (Depths:5)
  19 stone giants
  4 vampire knights
  2 entropy weavers (Vaults:4)
  3 black draconians (Depths:5)
  17 deep elf demonologists
  5 purple draconians (Depths:5)
  7 dire elephants
  Azrael (D:12)
  11 large abominations
  4 red draconians (Depths:5)
  3 white draconians (Depths:5)
  7 eidola
  2 pearl dragon zombies (Crypt:3)
  8 deep elf annihilators
  4 merfolk javelineers
  14 merfolk impalers
  2 green deaths (Abyss:3)
  15 deep elf death magi
  13 death oozes
  16 ettins
  8 great orbs of eyes
  5 jiangshi
  A great orb of eyes (shapeshifter) (Vaults:2)
  7 deep elf high priests
  20 yaktaur captains
  13 fire dragons
  A quicksilver dragon skeleton (Crypt:1)
  11 ice dragons
  31 vault guards
  A hydra (Lair:5)
  A spectral shadow dragon (Crypt:3)
  7 rakshasas
  2 catoblepae
  8 naga warriors
  6 merfolk avatars
  3 spriggan air magi
  4 death knights
  7 centaur warriors
  24 dancing weapons
  A queen ant (shapeshifter) (Depths:2)
  8 merfolk aquamancers
  44 two-headed ogres
  4 alligator snapping turtles
  9 deep troll earth magi
  A spectral dire elephant (Crypt:3)
  5 anacondas
  2 spectral stone giants (Crypt:3)
  3 hell hogs (Crypt:3)
  3 tengu warriors
  22 deep troll shamans
  2 satyrs (Shoals:3)
  A sun demon (Volcano)
  4 orc high priests
  4 spriggan berserkers
  12 ogre magi
  6 vampire magi
  2 death yaks (IceCv)
  2 thrashing horrors (Abyss:3)
  Urug (Lair:3)
  A titan zombie (Crypt:3)
  26 deep elf knights
  15 naga sharpshooters
  12 hell knights
  43 slime creatures
  Sonja (Orc:2)
  Nergalle (D:10)
  10 wretched stars
  12 shock serpents
  6 iron trolls
  A titan skeleton (Crypt:3)
  A spatial maelstrom (Abyss:3)
  42 skeletal warriors
  15 shadow wraiths
  4 unseen horrors
  48 deep trolls
  17 sea snakes
  2 spark wasp zombies
  2 death drakes (Depths:5)
  5 glowing orange brains
  3 sixfirhies
  A torturous demonspawn (Depths:4)
  4 naga ritualists
  6 wizards
  23 deep elf archers
  5 lindwurms
  A shadow dragon zombie (Depths:3)
  4 flayed ghosts
  18 orc knights
  28 phantasmal warriors
  18 ironbrand convokers
  A fire giant zombie (Depths:3)
  A golden dragon skeleton (Crypt:3)
  A spectral wolf spider (Crypt:3)
  11 necromancers
  3 wolf spiders
  An orb spider (shapeshifter) (Vaults:1)
  4 oklob plants (Lair:4)
  4 mana vipers
  22 harpies
  A shadow dragon skeleton (Crypt:1)
  13 cyclopes
  A shining eye (shapeshifter) (Vaults:5)
  A manticore (shapeshifter) (Depths:4)
  72 deep elf magi
  A worldbinder (Abyss:4)
  2 frost giant zombies
  11 orc sorcerers
  46 ugly things
  8 shining eyes
  16 manticores
  Maurice (D:10)
  5 salamanders
  4 apis skeletons (Crypt:3)
  17 black mambas
  13 fauns
  An iron dragon skeleton (Depths:1)
  An apocalypse crab (Abyss:5)
  21 elephants
  8 merfolk sirens
  A centaur zombie (D:15)
  A torpor snail (Lair:2)
  24 naga magi
  6 water nymphs
  A rust devil (Depths:4)
  An ice statue (IceCv)
  2 dire elephant zombies (Crypt:1)
  3 eyes of devastation
  2 orange demons
  28 vault sentinels
  A spiny frog (shapeshifter) (Vaults:2)
  Psyche (D:9)
  3 smoke demons
  8 spiny frogs
  A catoblepas zombie (Crypt:1)
  A guardian serpent (Snake:4)
  5 rime drakes
  A komodo dragon (shapeshifter) (Depths:1)
  2 hellwings (Abyss:3)
  An emperor scorpion zombie (Crypt:3)
  9 komodo dragons
  3 kobold demonologists (D:14)
  An ice devil (Abyss:4)
  4 efreet
  18 freezing wraiths
  59 yaktaurs
  A tormentor (Abyss:3)
  A white draconian skeleton (Crypt:2)
  A queen bee (D:12)
  A spark wasp simulacrum (Depths:1)
  A hydra zombie (Crypt:2)
  A spectral harpy (Crypt:3)
  3 ancient zymes (Abyss:3)
  An iron troll skeleton (Crypt:1)
  2 tyrant leeches (Zig:2)
  35 merfolk
  3 tengu conjurers
  7 trolls
  2 red devils (Volcano)
  19 polar bears
  2 yaktaur skeletons (Depths:1)
  12 wind drakes
  A wind drake (shapeshifter) (Depths:3)
  3 meliai (D:12)
  6 hornets
  2 tengu simulacra (Depths:3)
  7 blink frogs
  A hippogriff (shapeshifter) (Vaults:1)
  10 bog bodies
  2 fire dragon zombies (Crypt:3)
  14 dream sheep
  12 raiju
  A stone giant simulacrum (Vaults:4)
  A fire giant simulacrum (Crypt:1)
  4 snapping turtles
  A spectral black mamba (Snake:3)
  13 flying skulls
  A shock serpent simulacrum (Snake:3)
  A human simulacrum (Vaults:2)
  11 hippogriffs
  A tarantella (Vaults:4)
  A spriggan (Lair:2)
  An alligator zombie (Crypt:2)
  8 shadows
  2 air elementals
  A redback (Vaults:4)
  A black mamba zombie (Crypt:2)
  15 starcursed masses
  14 water elementals
  A ynoxinul (Abyss:2)
  6 wyverns
  11 wraiths
  3 vampires (WizLab)
  9 humans (D:14)
  2 steam dragons (D:11)
  56 yaks
  11 fire elementals
  10 fire bats
  16 golden eyes
  6 vampire mosquitoes
  5 neqoxecs
  3 spectral nagas (Snake:3)
  4 chaos spawn
  8 hungry ghosts
  4 basilisks
  38 nagas
  5 spatial vortices
  A swamp worm (shapeshifter) (Vaults:2)
  2 two-headed ogre zombies (WizLab)
  A warg (shapeshifter) (Vaults:5)
  10 wargs
  A soldier ant (D:9)
  2 acid dragons
  15 water moccasins
  6 porcupines
  2 hell hounds (D:12)
  A spiny frog skeleton (Crypt:1)
  A floating eye (Depths:4)
  An ice beast (D:13)
  6 swamp drakes (Depths:5)
  2 hornet zombies
  50 orc warriors
  A torturous demonspawn skeleton (Crypt:1)
  A black bear (D:8)
  7 sky beasts
  26 ogres
  2 black mamba simulacra (Snake:3)
  11 necrophages
  5 eyes of draining
  13 boggarts
  A snapping turtle skeleton (Abyss:3)
  30 wolves
  13 centaurs
  4 big kobolds
  15 crocodiles
  9 earth elementals
  14 bullfrogs
  11 small abominations
  A salamander skeleton (Crypt:3)
  A water moccasin zombie (D:8)
  A scorpion (shapeshifter) (Vaults:5)
  3 scorpions
  A shapeshifter zombie (Crypt:3)
  6 troll zombies (WizLab)
  9 killer bees
  An elf simulacrum (Vaults:2)
  2 naga simulacra (Snake:3)
  11 wights
  A spriggan skeleton (Crypt:3)
  4 howler monkeys (D:9)
  A yak skeleton (Crypt:1)
  3 electric eels
  7 lava snakes
  3 quasits
  4 bullfrog zombies
  4 crimson imps
  A salamander simulacrum (Snake:3)
  5 centaur skeletons
  5 hounds
  2 iron imps
  5 jellies
  20 orc wizards
  Crazy Yiuf (D:4)
  A basilisk zombie (Crypt:3)
  15 orc priests
  2 bullfrog skeletons
  11 iguanas
  5 worker ants
  A shapeshifter simulacrum (Depths:1)
  A tengu zombie (Crypt:3)
  6 ogre zombies
  An acid dragon skeleton (Crypt:3)
  A deep dwarf skeleton (Crypt:2)
  A hound skeleton (D:4)
  2 mummies (Crypt:2)
  A howler monkey zombie (D:8)
  A worker ant zombie (Crypt:1)
  7 gnolls
  14 adders
  A scorpion zombie (Crypt:1)
  4 shadow imps
  A white imp (Abyss:4)
  An ufetubus (Abyss:3)
  8 oozes
  An adder zombie (D:10)
  A halfling zombie (Crypt:2)
  2 iguana zombies
  4 adder skeletons
  3 worms
  A barachi skeleton (Crypt:3)
  11 leopard geckos
  91 orcs
  4 giant cockroaches
  2 goblins
  2 hobgoblins (D:1)
  8 jackals
  5 quokkas
  A ball python (D:4)
  4 bats
  3 frilled lizards
  2 hobgoblin skeletons
  16 kobolds
  A leopard gecko skeleton (Crypt:2)
  An orc skeleton (Crypt:2)
  13 rats
  5 crawling corpses
  A lurking horror (Abyss:5)
  7 plants
  A starspawn tentacle (Abyss:3)
2641 creatures vanquished.

Vanquished Creatures (others)
  A golden dragon (Depths:5)
  A titan (Vaults:5)
  An acid blob (Slime:4)
  A sphinx (Vaults:4)
  Ilsuiw (Shoals:4)
  An azure jelly (Slime:1)
  A vault warden (Vaults:1)
  A war gargoyle (Vaults:5)
  An ironheart preserver (Vaults:5)
  A vampire knight (Depths:4)
  A deep elf annihilator (Elf:3)
  An ettin (Depths:3)
  An ice dragon (Depths:3)
  A centaur warrior (Depths:4)
  A two-headed ogre (Vaults:5)
  A deep elf knight (Elf:1)
  A golden dragon zombie (Crypt:2)
  A deep elf archer (Vaults:4)
  A phantasmal warrior (Crypt:2)
  A mana viper (Snake:2)
  2 ugly things
  A manticore (Shoals:4)
  A deep elf mage (Elf:3)
  A salamander (Snake:4)
  A black mamba (Snake:2)
  2 yaktaurs
  A slime creature (Slime:5)
  2 hippogriffs
  A snapping turtle (Shoals:3)
  A water elemental (Elf:3)
  A golden eye (Slime:5)
  2 orc warriors
  An ogre (D:7)
  A boggart (Vaults:1)
  2 wolves (IceCv)
  2 centaurs (D:13)
  A gnoll sergeant (D:9)
  A crimson imp (D:14)
  A lava snake (Volcano)
  A dart slug (shapeshifter) (Vaults:5)
  A leopard gecko (D:2)
  7 orcs
  A jackal (D:6)
  58 fungi
  25 plants
  9 starspawn tentacles
  4 tentacles (Shoals:3)
151 creatures vanquished.

Grand Total: 2792 creatures vanquished

Notes
Turn   | Place    | Note
-------+----------+-------------------------------------------
     0 | D:1      | Amplified the Minotaur Wizard began the quest for the Orb.
     0 | D:1      | Reached XP level 1. HP: 14/14 MP: 2/2
    90 | D:1      | Reached skill level 1 in Fighting
   109 | D:1      | Reached skill level 1 in Short Blades
   140 | D:1      | Reached XP level 2. HP: 23/23 MP: 4/4
   251 | D:1      | Reached skill level 1 in Polearms
   344 | D:1      | Reached XP level 3. HP: 7/29 MP: 3/5
   553 | D:2      | Found a faded altar of an unknown god.
   567 | D:2      | Became a worshipper of Ru the Awakened
   573 | D:2      | Gained mutation: You are sensitive to extremes of
                  | temperature. (rF-, rC-) [Ru sacrifice]
   573 | D:2      | Reached * piety under Ru
   573 | D:2      | Reached ** piety under Ru
   713 | D:2      | Found a sacrificial altar of Ru.
   857 | D:2      | Found a hazy altar of Hepliaklqana.
  1390 | D:3      | Learned a level 2 spell: Blink
  1393 | D:3      | Learned a level 2 spell: Slow
  1441 | D:3      | Reached XP level 4. HP: 25/38 MP: 6/6
  1571 | D:3      | Found a burning altar of Makhleb.
  1760 | D:3      | Gained mutation: You are hated by all. [Ru sacrifice]
  1760 | D:3      | Reached *** piety under Ru
  1760 | D:3      | Reached **** piety under Ru
  2156 | D:3      | Reached XP level 5. HP: 45/46 MP: 7/7
  2181 | D:3      | Gained mutation: You are agile. (Dex +2) [potion of
                  | mutation]
  2181 | D:3      | Gained mutation: Your muscles are strong. (Str +2) [potion
                  | of mutation]
  2181 | D:3      | Gained mutation: You have a pair of large horns on your
                  | head. [potion of mutation]
  2816 | D:4      | Found a runed translucent door.
  2817 | D:4      | Noticed Crazy Yiuf
  3232 | D:4      | Reached skill level 1 in Shields
  3273 | D:4      | Reached XP level 6. HP: 36/55 MP: 8/8
  3362 | D:4      | Reached skill level 5 in Fighting
  3367 | D:4      | Got a fine chain mail
  3378 | D:4      | Identified the cursed +0 chain mail "Cinoi" {rPois Str-2
                  | Dex+5 SInv} (You found it on level 4 of the Dungeon)
  3572 | D:4      | Found Meavauso's Armour Shop.
  3580 | D:4      | Bought a +0 pair of gloves of strength for 149 gold pieces
  3791 | D:4      | Killed Crazy Yiuf
  3820 | D:5      | Entered Level 5 of the Dungeon
  3820 | D:5      | Found a burning altar of Makhleb.
  3851 | D:5      | Reached skill level 5 in Polearms
  4329 | D:5      | Found a shattered altar of Ashenzari.
  4331 | D:5      | Identified a scroll of acquirement
  4604 | D:5      | Reached skill level 1 in Armour
  4604 | D:5      | Reached XP level 7. HP: 61/61 MP: 9/9
  4939 | D:6      | Reached skill level 1 in Staves
  5648 | D:6      | Reached XP level 8. HP: 71/71 MP: 10/10
  6027 | D:7      | Found a staircase to the Ecumenical Temple.
  6079 | D:7      | Reached skill level 5 in Staves
  6437 | D:8      | Reached XP level 9. HP: 77/82 MP: 11/11
  6442 | D:8      | Noticed a two-headed ogre
  6554 | D:8      | Reached skill level 5 in Dodging
  6591 | D:8      | Gained mutation: You cannot study or cast Fire magic. [Ru
                  | sacrifice]
  6591 | D:8      | Gained mutation: You cannot study or cast Necromancy magic.
                  | [Ru sacrifice]
  6591 | D:8      | Gained mutation: You cannot study or cast Charms magic. [Ru
                  | sacrifice]
  6591 | D:8      | Reached ***** piety under Ru
  6594 | D:8      | Reached skill level 5 in Armour
  6874 | D:8      | Killed a two-headed ogre
  7071 | D:8      | Noticed a moth of wrath
  7073 | D:8      | Found a bloodstained altar of Trog.
  7169 | D:8      | Found a white marble altar of Elyvilon.
  7278 | D:9      | Reached skill level 10 in Fighting
  7445 | D:9      | Noticed Psyche
  7451 | D:9      | Killed Psyche
  7451 | D:9      | Reached XP level 10. HP: 84/93 MP: 12/12
  7466 | D:9      | Found a sparkling altar of Nemelex Xobeh.
  8283 | D:10     | Entered Level 10 of the Dungeon
  8283 | D:10     | Found a staircase to the Lair.
  8301 | D:10     | Found a staircase to the Orcish Mines.
  8362 | D:10     | Reached skill level 10 in Staves
  8429 | D:10     | Got a bloodstained hand axe
  8429 | D:10     | Got a dazzling flail
  8714 | D:11     | Noticed a two-headed ogre
  8720 | D:11     | Killed a two-headed ogre
  8720 | D:11     | Reached XP level 11. HP: 66/104 MP: 13/13
  8779 | D:11     | Found a shimmering altar of Xom.
  9190 | D:11     | Noticed a cyan ugly thing
  9200 | D:11     | Killed a cyan ugly thing
  9311 | D:12     | Identified the +7 hand axe of the Pillar {antimagic, +Rage
                  | rC- Int+8 Dex-3} (You found it on level 10 of the Dungeon)
  9631 | D:12     | Noticed a two-headed ogre
  9633 | D:12     | Noticed a red ugly thing
  9641 | D:12     | Killed a red ugly thing
  9644 | D:12     | Killed a two-headed ogre
  9870 | D:12     | Noticed a deep elf mage
  9876 | D:12     | Killed a deep elf mage
 10128 | D:12     | Noticed Azrael
 10158 | D:12     | Killed Azrael
 10530 | D:10     | Reached XP level 12. HP: 105/115 MP: 14/14
 10739 | D:10     | Noticed Nergalle
 10745 | D:10     | Killed Nergalle
 10788 | D:10     | Noticed Maurice
 10858 | D:10     | Killed Maurice
 11024 | Lair:1   | Entered Level 1 of the Lair of Beasts
 11045 | Lair:1   | Identified the +9 flail "Rommos" {crush, +Blink rF+ Str-5
                  | Dex+4} (You found it on level 10 of the Dungeon)
 12055 | Lair:2   | Noticed a dire elephant
 12061 | Lair:2   | Reached XP level 13. HP: 88/124 MP: 15/15
 12116 | Lair:2   | Killed a dire elephant
 12179 | Lair:2   | Reached skill level 5 in Stealth
 13080 | Lair:3   | Noticed Urug
 13086 | Lair:3   | Killed Urug
 13086 | Lair:3   | Reached skill level 15 in Staves
 13643 | Lair:4   | Found a staircase to the Snake Pit.
 13758 | Lair:4   | Found a staircase to the Shoals.
 15250 | Lair:5   | Gained mutation: You cannot be stealthy. [Ru sacrifice]
 15277 | Lair:6   | Entered Level 6 of the Lair of Beasts
 15287 | Lair:6   | Reached skill level 1 in Conjurations
 15552 | Lair:6   | Reached XP level 14. HP: 88/133 MP: 16/16
 15822 | Lair:6   | Found a staircase to the Slime Pits.
 16521 | Lair:6   | Reached skill level 15 in Fighting
 16549 | Lair:6   | Got a crude morningstar
 16550 | Lair:6   | Identified the +8 morningstar of Fragile Peace {flame,
                  | +Fly} (You found it on level 6 of the Lair of Beasts)
 16586 | Lair:6   | Reached skill level 5 in Conjurations
 16622 | Lair:6   | Got an ancient marble ring
 16664 | Lair:6   | Lost mutation: You are agile. (Dex +2) [Ru sacrifice]
 16664 | Lair:6   | Gained mutation: You are clumsy. (Dex -2) [Ru sacrifice]
 16664 | Lair:6   | Reached ****** piety under Ru
 16668 | Lair:6   | Identified the ring of Fun {rPois rC+ MR++ Str+4 Int-2
                  | SInv} (You found it on level 6 of the Lair of Beasts)
 16998 | Orc:1    | Entered Level 1 of the Orcish Mines
 17041 | Orc:1    | Found a flagged portal.
 17054 | Bailey   | Entered a bailey
 17686 | Orc:2    | Entered Level 2 of the Orcish Mines
 17712 | Orc:2    | Found a staircase to the Elven Halls.
 17717 | Orc:2    | Found a frozen archway.
 17745 | IceCv    | Entered an ice cave
 18062 | IceCv    | Noticed a frost giant
 18067 | IceCv    | Killed a frost giant
 18104 | IceCv    | Got a faintly glowing zirconium amulet
 18147 | Orc:2    | Found a dark tunnel.
 18154 | Volcano  | Entered a volcano
 18181 | Volcano  | Identified the amulet of the Monkey's Uncle {Harm *Drain
                  | Fragile +Fly rC+} (You found it in an ice cave)
 18230 | Volcano  | Reached skill level 5 in Spellcasting
 18415 | Volcano  | Found a radiant altar of Vehumet.
 18438 | Volcano  | Found a radiant altar of Vehumet.
 18881 | Orc:2    | Noticed Sonja
 18886 | Orc:2    | Killed Sonja
 19035 | Orc:2    | Found Puycsi Qidd's Magic Scroll Shop.
 19039 | Orc:2    | Found Sabragung's General Store.
 19041 | Orc:2    | Reached XP level 15. HP: 141/145 MP: 16/22
 19512 | Orc:2    | Found Nybeung's Book Shop.
 19521 | Orc:2    | Found Uhougiax's Antique Weapon Shoppe.
 19549 | Orc:2    | Bought a potion of haste for 150 gold pieces
 19549 | Orc:2    | Bought a potion of might for 60 gold pieces
 19551 | Orc:2    | Bought a scroll of teleportation for 45 gold pieces
 19551 | Orc:2    | Bought a scroll of enchant weapon for 112 gold pieces
 19602 | Orc:2    | Bought a ration for 75 gold pieces
 19602 | Orc:2    | Bought a wand of digging (6) for 300 gold pieces
 19605 | Orc:2    | Bought a scroll of holy word for 112 gold pieces
 19605 | Orc:2    | Bought a scroll of brand weapon for 300 gold pieces
 19605 | Orc:2    | Bought a scroll of holy word for 112 gold pieces
 19605 | Orc:2    | Bought a scroll of summoning for 142 gold pieces
 19605 | Orc:2    | Bought a scroll of vulnerability for 112 gold pieces
 20060 | D:13     | Identified the +2 robe "Toku" {+Blink MR+ Slay-2} (You
                  | found it on level 13 of the Dungeon)
 20266 | D:13     | Noticed Rupert
 20275 | D:13     | Killed Rupert
 20275 | D:13     | Reached skill level 10 in Conjurations
 21055 | D:14     | Got a scorched ring mail
 21056 | D:14     | Identified the +5 ring mail of Toma {rElec rC+ Dex+5
                  | Stlth-} (You found it on level 14 of the Dungeon)
 21134 | D:14     | Found a gate to the Vaults.
 21615 | D:14     | Got an iridescent arbalest
 21616 | D:14     | Identified the +6 arbalest "Deageo" {flame, *Contam rN+
                  | Int+7 Stlth-} (You found it on level 14 of the Dungeon)
 21658 | D:15     | Entered Level 15 of the Dungeon
 21739 | D:15     | Found a staircase to the Depths.
 22032 | D:15     | Identified the +4 robe of the Nexus {rPois rC- rN+}
 22083 | D:15     | Found Nyuchog's Gadget Boutique.
 22091 | D:15     | Bought a wand of acid (8) for 264 gold pieces
 22091 | D:15     | Bought a wand of acid (12) for 352 gold pieces
 22099 | D:15     | Noticed Nessos
 22100 | D:15     | Found Rusoocus's Antique Weapon Shoppe.
 22103 | D:15     | Found Nuddue Udwi's Gadget Shoppe.
 22106 | D:15     | Noticed Nessos
 22106 | D:15     | Nessos changed into Nessos the eye of devastation
 22110 | D:15     | Killed Nessos the eye of devastation
 22278 | D:15     | Found Ucha's Antique Weapon Shoppe.
 22280 | D:15     | Found Cacunurph's Armour Shoppe.
 22450 | D:15     | Bought a wand of digging (5) for 306 gold pieces
 22729 | Lair:4   | Reached XP level 16. HP: 157/157 MP: 27/27
 22745 | Lair:4   | Got a crystal quarterstaff
 22747 | Lair:4   | Identified Vecvuote's Reference Book on Conjuration
 22753 | Lair:4   | Got a smoking plate armour
 22781 | Lair:4   | Identified the +4 plate armour "Urit Reoli" {Int+4} (You
                  | found it on level 4 of the Lair of Beasts)
 22796 | Lair:4   | Identified the +10 quarterstaff "Ocuump" {venom, rPois
                  | Dex+2} (You found it on level 4 of the Lair of Beasts)
 22818 | Snake:1  | Entered Level 1 of the Snake Pit
 22900 | Snake:1  | Learned a level 3 spell: Portal Projectile
 22906 | Snake:1  | Learned a level 5 spell: Silence
 23055 | Snake:1  | Identified the Collected Works on Changing and Earth
 23372 | Snake:1  | Identified Otorar's Tome of Harmful Lightness
 23829 | Snake:2  | Noticed Frances
 23838 | Snake:2  | Killed Frances
 23997 | Snake:3  | Found Fatal's Magic Scroll Emporium.
 24005 | Snake:3  | Bought a scroll of blinking for 127 gold pieces
 24005 | Snake:3  | Bought a scroll of blinking for 127 gold pieces
 24005 | Snake:3  | Bought a scroll of teleportation for 51 gold pieces
 24005 | Snake:3  | Bought a scroll of teleportation for 51 gold pieces
 24005 | Snake:3  | Bought a scroll of enchant weapon for 127 gold pieces
 24085 | Snake:3  | Reached skill level 10 in Armour
 24085 | Snake:3  | Reached skill level 10 in Spellcasting
 24445 | Snake:3  | Found a runed translucent gate.
 24445 | Snake:3  | Found a runed translucent gate.
 24445 | Snake:3  | Found a runed translucent gate.
 24445 | Snake:3  | Noticed Gygal Fez's ghost (adept MiFi)
 25078 | Snake:3  | Killed Gygal Fez's ghost
 25106 | Snake:3  | Got a flickering pewter ring
 25110 | Snake:3  | Identified the ring of the Griffon {Int+2 Slay+2} (You
                  | found it on level 3 of the Snake Pit)
 25149 | Snake:4  | Entered Level 4 of the Snake Pit
 25165 | Snake:4  | Reached skill level 10 in Dodging
 26162 | Snake:4  | Reached XP level 17. HP: 96/168 MP: 30/30
 26937 | Snake:4  | Got a serpentine rune of Zot
 27159 | Shoals:1 | Entered Level 1 of the Shoals
 27909 | Shoals:1 | Got a pair of encrusted gloves
 27917 | Shoals:1 | Identified the +1 pair of gloves of the Three Lovers {rElec
                  | MR- Int+8} (You found it on level 1 of the Shoals)
 28245 | Shoals:2 | Learned a level 3 spell: Mephitic Cloud
 29367 | Shoals:3 | Noticed Bai Suzhen
 29526 | Shoals:4 | Entered Level 4 of the Shoals
 29527 | Shoals:4 | Noticed Ilsuiw
 29795 | Shoals:4 | Reached XP level 18. HP: 73/179 MP: 31/31
 30046 | Shoals:4 | Got a barnacled rune of Zot
 30475 | Shoals:4 | Killed Ilsuiw
 30702 | Shoals:4 | Identified Sif Muna's Guide on Transmutation and
                  | Contamination
 31163 | Shoals:4 | Found Jaowk's Antique Armour Shop.
 31184 | Shoals:4 | Bought a pair of embroidered boots for 277 gold pieces
 31540 | Shoals:4 | Got a dazzling great mace
 32122 | Shoals:3 | Killed Bai Suzhen
 32539 | Shoals:3 | Reached skill level 15 in Armour
 32915 | Orc:2    | Identified the +5 great mace of Oxzifirgh {protect, rC+
                  | Stlth+} (You found it on level 4 of the Shoals)
 32931 | Elf:1    | Entered Level 1 of the Elven Halls
 32931 | Elf:1    | Found Oriapae's General Store.
 32938 | Elf:1    | Bought a scroll of teleportation for 33 gold pieces
 32938 | Elf:1    | Bought a ration for 55 gold pieces
 33358 | Elf:1    | Identified the ring "Juej Zeh" {Ice +Inv rPois Slay+2}
 33818 | Elf:2    | Reached XP level 19. HP: 117/190 MP: 32/32
 34056 | Elf:2    | Identified the +1 scale mail "Qybb" {Int+3} (You found it
                  | on level 2 of the Elven Halls)
 34071 | Elf:2    | Found a runed translucent gate.
 34071 | Elf:2    | Found a runed translucent gate.
 34071 | Elf:2    | Found a runed translucent gate.
 34394 | Elf:3    | Entered Level 3 of the Elven Halls
 34403 | Elf:3    | Found Xamuipho's Book Emporium.
 34412 | Elf:3    | Noticed a Brimstone Fiend
 34531 | Elf:3    | Reached skill level 15 in Dodging
 34766 | Elf:3    | Found Qipywaobbe's Antique Armour Shoppe.
 34791 | Elf:3    | Found Yreoh's Food Boutique.
 34834 | Elf:3    | Found Bugif's Distillery.
 34991 | Elf:3    | Bought a potion of heal wounds for 95 gold pieces
 34991 | Elf:3    | Bought a potion of heal wounds for 95 gold pieces
 34991 | Elf:3    | Bought a potion of heal wounds for 95 gold pieces
 34991 | Elf:3    | Bought a potion of might for 76 gold pieces
 35050 | Elf:3    | Found Tammufuv's Armour Shop.
 35234 | Vaults:1 | Entered Level 1 of the Vaults
 35699 | Vaults:1 | Found Woodgho's Gadget Boutique.
 35767 | Vaults:1 | Learned a level 1 spell: Confusing Touch
 35769 | Vaults:1 | Learned a level 1 spell: Apportation
 36065 | Vaults:1 | Found Mun Taulips's Weapon Emporium.
 36479 | Vaults:2 | Found Vuetad's Weapon Shop.
 37136 | Vaults:2 | Reached XP level 20. HP: 143/202 MP: 33/33
 38503 | Vaults:3 | Got a jewelled plate armour
 38504 | Vaults:3 | Identified the +5 plate armour "Evigigij" {rElec rF+ Str+4
                  | Dex-3} (You found it on level 3 of the Vaults)
 38922 | Vaults:3 | Noticed Frederick
 38922 | Vaults:3 | Noticed Agnes
 38931 | Vaults:3 | Killed Frederick
 38934 | Vaults:3 | Killed Agnes
 39026 | Vaults:3 | Found a staircase to the Crypt.
 39617 | Vaults:4 | Reached XP level 21. HP: 71/214 MP: 34/34
 39896 | Vaults:4 | Noticed Saint Roka
 39907 | Vaults:4 | Killed Saint Roka
 40262 | Vaults:4 | Found Qimown's Weapon Boutique.
 42413 | Elf:3    | Got a steaming golden ring
 42417 | Elf:3    | Identified the ring of Bocvy {rC+ Str+6} (You found it on
                  | level 3 of the Elven Halls)
 42544 | Elf:3    | Identified the +6 trident of Imao {pierce, +Inv rF- rN+++
                  | Dex-5}
 42544 | Elf:3    | Identified the ring "Mopaipuz" {rElec Int+2 Dex+4 Slay-3
                  | Stlth+}
 43157 | Elf:3    | Identified the Grimoire of Igneous Shape Shifting
 43193 | Elf:3    | Identified the Compendium of the Creative Snowflakes
 43251 | Elf:3    | Identified the Papyrus of Transmigration
 43439 | Elf:2    | Reached skill level 1 in Axes
 43439 | Elf:2    | Reached skill level 1 in Translocations
 43525 | Elf:2    | Reached XP level 22. HP: 151/231 MP: 35/35
 43884 | Depths:1 | Entered Level 1 of the Depths
 43919 | Depths:1 | Reached skill level 5 in Axes
 44217 | Depths:1 | Found a one-way gate to the infinite horrors of the Abyss.
 44395 | Depths:1 | Found Nioskeus's Jewellery Shoppe.
 44395 | Depths:1 | Found Wytad's Gadget Shop.
 44396 | Depths:1 | Found Zutodar's Jewellery Shoppe.
 44479 | Depths:1 | You fall into a shaft and drop 1 floor!
 44543 | Depths:2 | Reached skill level 5 in Translocations
 44960 | Depths:3 | Noticed a caustic shrike
 44962 | Depths:3 | Noticed a caustic shrike
 44962 | Depths:3 | Noticed a caustic shrike
 44962 | Depths:3 | Noticed a caustic shrike
 45008 | Depths:4 | Found a gateway to a ziggurat.
 45052 | Depths:4 | Found a magical portal.
 45442 | WizLab   | Reached skill level 10 in Axes
 45495 | WizLab   | Noticed an antique lich
 45505 | WizLab   | Killed an antique lich
 45514 | WizLab   | Identified the Handbook of Shifting Summoning
 45540 | WizLab   | Found the +9 sword of Zonguldrok {reap}
 45830 | Depths:4 | Found a gateway to Hell.
 46080 | Depths:4 | Noticed a juggernaut
 46092 | Depths:4 | Killed a juggernaut
 46092 | Depths:4 | Reached skill level 27 in Fighting
 46099 | Depths:4 | Reached XP level 23. HP: 178/240 MP: 36/36
 46659 | Depths:1 | Found Ungiamm's Antique Weapon Emporium.
 46958 | Depths:2 | Found a one-way gate leading to the halls of Pandemonium.
 47203 | Depths:2 | Found a portal to a secret trove of treasure.
 47528 | Depths:3 | Noticed a caustic shrike
 47597 | Depths:1 | Bought the ring "Yloiv" {*Drain rF++ rC+ Str+6} for 1856
                  | gold pieces
 47748 | Depths:2 | Killed a caustic shrike
 47806 | Depths:2 | Killed a caustic shrike
 48511 | Depths:4 | Reached skill level 10 in Translocations
 48732 | Depths:5 | Entered Level 5 of the Depths
 48744 | Depths:5 | Found Ruivvavo's Jewellery Shop.
 48984 | Depths:5 | Noticed a juggernaut
 49001 | Depths:5 | Killed a juggernaut
 50474 | Depths:5 | Reached skill level 1 in Evocations
 50685 | Depths:5 | Found a gate to the Realm of Zot.
 50708 | Depths:5 | Reached XP level 24. HP: 177/249 MP: 36/36
 51301 | Depths:3 | Identified the amulet of the Crushed Tables {Spirit rPois
                  | Slay+3}
 51486 | Depths:3 | Reached skill level 5 in Evocations
 51615 | Depths:5 | Bought an uncursed ring of resist corrosion for 440 gold
                  | pieces
 51925 | Depths:3 | Noticed Margery
 51934 | Depths:3 | Killed Margery
 51986 | Depths:3 | You fall into a shaft and drop 2 floors!
 52803 | Vaults:5 | Entered Level 5 of the Vaults
 53075 | Vaults:5 | Reached XP level 25. HP: 194/257 MP: 37/37
 53147 | Vaults:5 | Identified Sif Muna's Volume of Execration
 54067 | Vaults:5 | Identified the +3 leather armour "Xeroeck" {Slay+2 Stlth+}
 54440 | Vaults:5 | Identified the +7 storm dragon scales of the Nine Coins
                  | {rElec Str+4}
 54440 | Vaults:5 | Identified the ring "Ifeuzito" {*Corrode MR++ MP+9 Int+5}
 54468 | Vaults:5 | Got a silver rune of Zot
 54480 | Vaults:5 | Identified the Collected Works on Moulding and Displacement
 54730 | Vaults:5 | Identified Sif Muna's Handbook of Glacial Attacks
 54809 | Vaults:5 | Identified the cursed +1 quarterstaff of Qeintuk {pain, rF+
                  | Str+3 Int+4}
 54875 | Vaults:5 | Identified the Disquisition on Enthralling Shape Shifting
 54879 | Vaults:5 | Got a fine emerald amulet
 55042 | Vaults:5 | Identified the amulet of Egalitarianism {Harm *Drain rPois
                  | rF- Str+2 Dex+6}
 55064 | Vaults:5 | Identified the amulet "Itefuo" {Harm *Drain Int+2} (You
                  | found it on level 5 of the Vaults)
 55090 | Vaults:5 | Identified the +5 ring mail "Qaclidghe" {*Contam Dex+6}
                  | (You found it on level 5 of the Vaults)
 55094 | Vaults:5 | Identified the cursed +0 spear of Twilight {pierce, rElec
                  | rF+ rC- Int+2} (You found it on level 5 of the Vaults)
 55405 | Crypt:1  | Entered Level 1 of the Crypt
 55610 | Crypt:3  | Entered Level 3 of the Crypt
 55806 | Crypt:3  | Reached XP level 26. HP: 181/266 MP: 40/40
 55835 | Crypt:3  | Found a staircase to the Tomb.
 56410 | Crypt:2  | Noticed Boris
 56417 | Crypt:2  | Killed Boris
 56795 | Crypt:2  | Noticed Khufu
 56798 | Crypt:2  | Noticed a greater mummy
 58514 | Crypt:3  | Found a basalt altar of Yredelemnul.
 58947 | Crypt:3  | Found an ancient bone altar of Kikubaaqudgha.
 59341 | Crypt:3  | Found the +4 dagger "Morg" {pain, MR+ Int+5}
 59487 | Crypt:3  | Got a bound lapis lazuli ring
 59487 | Crypt:3  | Got an ancient turquoise ring
 59487 | Crypt:3  | Got a slimy lead ring
 59526 | Crypt:3  | Identified the ring "Ireyc" {-Tele rN+ Str+5 Dex+4} (You
                  | found it on level 3 of the Crypt)
 59528 | Crypt:3  | Identified the ring "Weanetid" {rElec rN+ MR+ Str+3 Int-3}
                  | (You found it on level 3 of the Crypt)
 59530 | Crypt:3  | Identified the ring "Urilesof" {rN+ Int+3 Dex+2} (You found
                  | it on level 3 of the Crypt)
 60095 | Crypt:3  | Got a slimy longbow
 60096 | Crypt:3  | Identified the +10 longbow "Byakaur" {venom, MR+} (You
                  | found it on level 3 of the Crypt)
 60792 | Crypt:2  | Killed Khufu
 60797 | Crypt:2  | Killed a greater mummy
 61460 | Crypt:1  | Reached skill level 27 in Armour
 62286 | Depths:2 | You paid a toll of +4 ice dragon scales to enter a treasure
                  | trove
 62287 | Trove    | Entered a treasure trove
 62297 | Trove    | Got a pitted lead ring
 62306 | Trove    | Got a scorched pewter amulet
 62322 | Trove    | Got a warped quarterstaff
 62335 | Depths:2 | Identified the amulet "Piebbial" {Gourm rC++ Str+4} (You
                  | found it in a treasure trove)
 62337 | Depths:2 | Identified the ring "Guor Voa" {+Blink rElec rC++ Int-3
                  | Slay+3} (You found it in a treasure trove)
 62642 | Slime:1  | Entered Level 1 of the Pits of Slime
 62788 | Slime:3  | Gained mutation: You occasionally shout uncontrollably at
                  | your foes. [a shining eye]
 62805 | Slime:3  | Gained mutation: You are dopey. (Int -2) [a shining eye]
 62842 | Slime:5  | Entered Level 5 of the Pits of Slime
 62981 | Slime:4  | Gained mutation: You are frail. (-10% HP) [a shining eye]
 63072 | Slime:4  | Found a viscous altar of Jiyva.
 63362 | Slime:4  | Reached XP level 27. HP: 220/245 MP: 40/40
 63448 | Slime:5  | Found a viscous altar of Jiyva.
 63448 | Slime:5  | Noticed the Royal Jelly
 63450 | Slime:5  | Found the +3 hat of Pondering {ponderous, MR+ MP+10 Int+5}
 63707 | Slime:5  | Gained mutation: Scrolls take you a little longer to read.
                  | [a shining eye]
 63813 | Slime:5  | HP: 10/245 [the Royal Jelly (8)]
 64371 | Slime:5  | Gained mutation: Your body sometimes deteriorates upon
                  | taking damage. [a shining eye]
 64372 | Slime:5  | Gained mutation: You tend to lose your temper in combat. [a
                  | shining eye]
 64374 | Slime:5  | Gained mutation: You are very frail. (-20% HP) [a shining
                  | eye]
 64622 | Slime:4  | Lost mutation: Your muscles are strong. (Str +2) [potion of
                  | mutation]
 64622 | Slime:4  | Lost mutation: You occasionally shout uncontrollably at
                  | your foes. [potion of mutation]
 64622 | Slime:4  | Gained mutation: You are extremely frail. (-30% HP) [potion
                  | of mutation]
 64622 | Slime:4  | Gained mutation: You are partially covered in yellow
                  | scales. (AC +2) [potion of mutation]
 64622 | Slime:4  | Gained mutation: You have very sharp teeth. [potion of
                  | mutation]
 64623 | Slime:4  | Lost mutation: Your body sometimes deteriorates upon taking
                  | damage. [potion of mutation]
 64623 | Slime:4  | Lost mutation: You tend to lose your temper in combat.
                  | [potion of mutation]
 64623 | Slime:4  | Lost mutation: Scrolls take you a little longer to read.
                  | [potion of mutation]
 64623 | Slime:4  | Lost mutation: You have very sharp teeth. [potion of
                  | mutation]
 64623 | Slime:4  | Gained mutation: You have supernaturally acute eyesight.
                  | (SInv) [potion of mutation]
 64623 | Slime:4  | Lost mutation: You are extremely frail. (-30% HP) [potion
                  | of mutation]
 64624 | Slime:4  | Lost mutation: You are partially covered in yellow scales.
                  | (AC +2) [potion of mutation]
 64624 | Slime:4  | Lost mutation: You have a pair of large horns on your head.
                  | [potion of mutation]
 64624 | Slime:4  | Lost mutation: You are very frail. (-20% HP) [potion of
                  | mutation]
 64624 | Slime:4  | Lost mutation: You are dopey. (Int -2) [potion of mutation]
 64624 | Slime:4  | Gained mutation: Your flesh is heat resistant. (rF+)
                  | [potion of mutation]
 64624 | Slime:4  | Gained mutation: You possess an exceptional clarity of
                  | mind. [potion of mutation]
 65068 | Slime:5  | HP: 12/245 [azure jelly[the Royal Jelly] (4)]
 65537 | Slime:4  | Lost mutation: You are frail. (-10% HP) [potion of
                  | mutation]
 65537 | Slime:4  | Lost mutation: You possess an exceptional clarity of mind.
                  | [potion of mutation]
 65537 | Slime:4  | Gained mutation: You are frail. (-10% HP) [potion of
                  | mutation]
 65537 | Slime:4  | Gained mutation: You are partially covered in icy blue
                  | scales. (AC +2) [potion of mutation]
 65804 | Slime:5  | Killed the Royal Jelly
 66105 | Slime:5  | Identified Guth's Tome of Glacial Transmutation
 66165 | Slime:5  | Got a slimy rune of Zot
 66166 | Slime:5  | Identified Qizouk's Disquisition on Hexes and Air
 66248 | Slime:5  | Identified the +5 quarterstaff of Destruction {flame,
                  | *Corrode rC+ Str+7} (You found it in a treasure trove)
 66274 | Slime:5  | Got a pair of faintly humming gloves
 66275 | Slime:5  | Identified the +0 pair of gloves of the Constellations
                  | {+Inv Slay+5} (You found it on level 5 of the Pits of
                  | Slime)
 66307 | Slime:5  | Identified the cursed +2 great sword "Ytookluy" {flame,
                  | *Corrode rC+ rN+++ SInv} (You found it on level 5 of the
                  | Pits of Slime)
 66611 | Depths:1 | Voluntarily entered the Abyss.
 66759 | Abyss:2  | Got a wavering granite ring
 66766 | Abyss:2  | Identified the ring "Imozunux" {*Tele *Contam rN+ MR+
                  | Str+2} (You found it on level 2 of the Abyss)
 67467 | Abyss:4  | Gained mutation: You frequently scream uncontrollably at
                  | your foes. [a neqoxec]
 67557 | Abyss:4  | Got an abyssal rune of Zot
 67591 | Abyss:4  | Gained mutation: Your body often deteriorates upon taking
                  | damage. [a neqoxec]
 67615 | Abyss:5  | Entered Level 5 of the Abyss
 67789 | Depths:1 | Escaped the Abyss
 68033 | Zig:1    | Entered Level 1 of a ziggurat
 68055 | Zig:2    | Entered Level 2 of a ziggurat
 68077 | Zig:2    | Learned a level 4 spell: Force Lance
 68088 | Zig:3    | Entered Level 3 of a ziggurat
 68176 | Zig:4    | Entered Level 4 of a ziggurat
 68179 | Zig:4    | Noticed Soavong the pandemonium lord
 68182 | Zig:4    | Gained mutation: Your magical capacity is low. (-10% MP) [a
                  | cacodemon]
 68185 | Zig:4    | Gained mutation: You are very frail. (-20% HP) [a
                  | cacodemon]
 68196 | Zig:4    | Mangled by Soavong the pandemonium lord

Levels and vault maps discovered:
D:1:      ncdulo_halloftheorcs, layout_rooms
D:2:      layout_basic, lemuel_crystal_altar, nicolae_overflow_hidden_temple,
          chequers_ecumenical_altar_simple_redux, first_ration
D:3:      layout_basic, serial_corexii_hall, chequers_hall_statues_wall_a,
          corexii_hall_statues_x, makhleb_blood_cavern_becter
D:4:      cheibrodos_barr_body, layout_basic, serial_shops, shop,
          uniq_crazy_yiuf_cottage
D:5:      layout_layer_cave, lemuel_crystal_altar, basic_altar,
          hangedman_decor_riveting
D:6:      layout_loops_cross
D:7:      layout_loops_cross, temple_fountains
D:8:      layout_rooms, kennysheep_mini_moat, tgw_trog
D:9:      layout_cave_pools, nemelex_xobeh_ov_fountains_minmay,
          hangedman_pestilent_swarm, uniq_psyche
D:10:     layout_rooms, lair_entry_dummy, david_orc_3, minivault_14,
          uniq_nergalle, uniq_maurice
D:11:     nicolae_whirlpool, layout_long_grid, basic_altar, minmay_lizard_king
D:12:     layout_loops_corners, special_room [special_room_bee],
          hangedman_abyss_or_decor_stabs, uniq_azrael
D:13:     layout_rooms, uniq_rupert
D:14:     layout_rooms, ximxim_vaults_locker_room,
          minmay_misc_feat_more_columns, minmay_pinched_square
D:15:     grunt_enter_depths_hoard, layout_cave_pools, abandoned_shop,
          serial_shops, shop, dk_noncrumbling_2, minmay_shop_grid_forest,
          uniq_nessos
Lair:1:   layout_loops_ring
Lair:2:   mu_elephants_graveyard, layout_regular_city, beast_lair_carwin_7
Lair:3:   layout_cave_pods, uniq_urug
Lair:4:   layout_cave_pods, elwin_shoals_entry_rocks, dummy_snake_entry,
          lemuel_fruit_fields, grunt_megastairs_4, serial_bayou_shore_a,
          minmay_lair_oklob_chamber
Lair:5:   layout_gridlike, lemuel_another_geyser, lemuel_fruit_fields,
          lemuel_fruit_tree
Lair:6:   due_jungle_book, layout_misc_corridors,
          nicolae_slime_entry_slimehenge, minivault_26
Shoals:1: layout_shoals, nicolae_shoals_cliffside_cave, st_sunken_huts
Shoals:2: layout_shoals
Shoals:3: layout_shoals, uniq_bai_suzhen
Shoals:4: shoals_end_grunt_ice, layout_shoals, shoal_ilsuiw, serial_shops, shop
Snake:1:  layout_onion, library_closet, nicolae_large_snake_swirl
Snake:2:  layout_misc_corridors, st_stairs_11, drop_trap, uniq_frances
Snake:3:  layout_cave_pods, serial_shops, shop, gammafunk_ghost_necromancy,
          statue_in_the_mist_lemuel, grunt_ministairs_10
Snake:4:  snake_pit, layout_rooms
Slime:1:  layout_caves
Slime:2:  layout_caves, cheibrodos_slime_lost_civilization_6
Slime:3:  layout_caves
Slime:4:  layout_caves, basic_altar
Slime:5
Orc:1:    layout_caves, enter_bailey_2
Orc:2:    st_orc_elflike, layout_caves, nicolae_volcano_entry_s_turn,
          portal_ice_cave_entry_pillars_1, uniq_sonja
Elf:1:    layout_rooms, serial_shops,
          nicolae_shop_temple_entry_statues_fountains,
          kennysheep_underground_church
Elf:2:    layout_geoelf_octagon
Elf:3:    nooodl_elf_gasket, layout_loops_cross, serial_shops, shop,
          nicolae_shop_stone, nicolae_shop_statue_plus,
          nicolae_shop_behind_doors, nicolae_shop_crystal
Vaults:1: vaults_room_grunt_arrival_ludios, grunt_vaults_hallway_long,
          vaults_room_ringed_pool, v_rooms_4, v_alt_pattern_6,
          hangedman_vaults_stagger, nicolae_vaults_little_squares_4,
          ontoclasm_vaults_shout, vaults_dpeg_hooks, layout_vaults_big_cross,
          serial_shops, nicolae_shop_statue_plus, shop
Vaults:2: v_pattern_1, hangedman_vaults_slice, nicolae_vaults_rhombus_6,
          nicolae_vaults_little_squares_6, ontoclasm_vaults_spin, v_misc_18,
          vaults_mumra_hexcomb, vaults_room_corners, layout_vaults_chaotic_city,
          serial_shops, nicolae_shop_behind_doors
Vaults:3: v_misc_25, sword_in_stone, v_misc_22,
          minmay_crypt_entry_nasty_monster, nicolae_vaults_network_barrier,
          vaults_room_corners, ontoclasm_vaults_ligature,
          nicolae_vaults_angled_halls, v_misc_26, layout_vaults_omnigrid
Vaults:4: v_misc_5, nicolae_vaults_quartermaster, v_pattern_5,
          nicolae_vaults_little_squares_4,
          nicolae_vaults_windows_and_doors_thing, nicolae_vaults_circle_grid_b,
          grunt_vaults_hallway_long, hangedman_vaults_nails, v_misc_1,
          nicolae_vaults_alarming, v_misc_23, hangedman_vaults_corner_blocks,
          vaults_room_pool, nicolae_vaults_shelves_hall,
          ontoclasm_vaults_shuriken, v_misc_17, vaults_room_pools,
          layout_vaults_maze_bifur, serial_shops, shop, uniq_saint_roka
Vaults:5
Crypt:1:  layout_gridlike, serial_sigils_hangedman_shear,
          grunt_crypt_arrival_split, roderic_lattice_octagonal_star
Crypt:2:  statuecave_lemuel, layout_basic, weyrava_lich_vault, uniq_frederick,
          uniq_khufu
Crypt:3:  church_of_pain_bobbens, layout_chaotic_city, hangedman_blasphemy
Depths:1: layout_roguey, hell_entry, minivault_11, serial_shops,
          nicolae_shop_waterfront, abyss_entry, serial_bayou_crossing,
          minmay_shop_grove
Depths:2: kennysheep_funnel, layout_cave_pools, hell_entry, pan_entry,
          enter_trove_3, chequers_serial_rivers_micro_b,
          hangedman_abyss_or_decor_stagger
Depths:3: grunt_x_marks_the_spot, layout_cave_pools, grunt_metal_band,
          pan_entry, nicolae_water_bricks, bh_walls_and_bars, uniq_boris
Depths:4: minmay_connected_boxes_in_corner, layout_long_grid, enter_ziggurat_a,
          mu_enter_wizlab_4, rand_demon_pan_entry_9, hell_entry,
          abyss_entry_small_statue_room, hangedman_stitches_earthworm
Depths:5: lemuel_castle_with_subvaults [lemuel_castle_interior_carwin_1],
          layout_cross, serial_shops, shop_fountains, hell_entry,
          hangedman_glass_teeth, drop_trap, serial_sigils_hangedman_snap,
          nrook_campfire, serial_sigils_hangedman_scratch, serial_bayou_shore_b
Zig:4

Skill      XL: |  1  2  3  4  5  6  7  8  9 10 11 12 13 14 15 16 17 18 19 20 21 22 23 24 25 26 27 |
---------------+----------------------------------------------------------------------------------+-----
Fighting       | 1 2 3 4 5 6 8 10 11 13 14 16 18 19 20 21 22 24 26 27 | 27.0
Short Blades   | 1 |  1.0
Polearms       | 1 2 3 4 5 |  5.2
Shields        | 1 2 |  2.7
Armour         | 1 2 4 6 7 9 11 13 15 17 18 21 23 27 | 27.0
Staves         | 3 6 8 10 12 14 15 | 15.8
Dodging        | 3 4 6 7 8 9 10 12 14 16 17 18 20 22 24 | 24.9
Stealth        | 4 0 |  0.0
Conjurations   | 3 9 11 | 11.6
Spellcasting   | 5 8 10 11 14 | 14.0
Axes           | 3 11 14 | 14.3
Translocations | 2 7 10 | 10.9
Evocations     | 2 8 |  8.0
Summonings     | |  0.6

Action                   |  1- 3 |  4- 6 |  7- 9 | 10-12 | 13-15 | 16-18 | 19-21 | 22-24 | 25-27 || total
-------------------------+-------+-------+-------+-------+-------+-------+-------+-------+-------++-------
Melee: Dagger            |    20 |       |       |       |       |       |       |       |       ||    20
       Headbutt          |    11 |    28 |    26 |    94 |   197 |   288 |   340 |   452 |   525 ||  1961
       Spear             |   107 |   177 |       |       |       |       |       |       |       ||   284
       Lajatang          |       |    11 |   162 |   436 |   974 |  1274 |  1318 |  1323 |  1574 ||  7072
       Eveningstar       |       |       |       |       |     5 |       |       |     4 |       ||     9
Throw: Dart              |       |       |     1 |       |     1 |       |       |       |       ||     2
       Javelin           |       |       |       |       |     1 |       |       |     4 |    13 ||    18
       Throwing net      |       |       |       |       |       |       |       |       |     2 ||     2
 Cast: Magic Dart        |     3 |       |       |       |       |       |       |       |       ||     3
       Mephitic Cloud    |       |       |       |       |       |     1 |     4 |     2 |       ||     7
       Apportation       |       |       |       |       |       |       |     1 |       |       ||     1
       Blink             |       |       |       |       |       |       |       |     3 |       ||     3
       Confusing Touch   |       |       |       |       |       |       |       |       |     2 ||     2
Invok: Sacrifice Resista |     1 |       |       |       |       |       |       |       |       ||     1
       Sacrifice Love    |       |     1 |       |       |       |       |       |       |       ||     1
       Reject Sacrifices |       |     1 |       |     1 |       |       |       |       |       ||     2
       Draw Out Power    |       |       |     1 |     1 |    12 |    11 |    11 |    14 |    13 ||    63
       Sacrifice Arcana  |       |       |     1 |       |       |       |       |       |       ||     1
       Apocalypse        |       |       |       |     1 |     1 |       |       |       |     2 ||     4
       Sacrifice Stealth |       |       |       |       |     1 |       |       |       |       ||     1
       Power Leap        |       |       |       |       |     7 |     1 |     7 |     6 |    10 ||    31
       Sacrifice Purity  |       |       |       |       |     1 |       |       |       |       ||     1
Evoke: Wand              |     1 |    12 |     2 |    14 |    35 |     9 |     3 |    11 |     4 ||    91
       Lamp of fire      |       |       |       |       |     2 |     3 |     4 |     5 |     5 ||    19
  Use: Potion            |     1 |     6 |     5 |     3 |    14 |     9 |     7 |    13 |    25 ||    83
       Scroll            |     5 |     9 |     4 |     8 |    25 |    20 |    13 |    18 |    30 ||   132
 Stab: Paralysed         |       |     6 |     2 |     9 |    18 |     9 |     8 |     5 |     9 ||    66
       Invisible         |       |     1 |     4 |     7 |     5 |    10 |    10 |    12 |     2 ||    51
       Confused          |       |     1 |       |       |       |       |     1 |       |       ||     2
       Distracted        |       |       |     1 |     5 |     4 |     3 |    16 |     8 |    11 ||    48
       Held in net/web   |       |       |       |       |       |       |       |       |     1 ||     1
  Eat: Chunk             |     2 |     6 |     8 |     9 |    20 |    15 |    21 |    13 |     4 ||    98
       Ration            |       |     1 |       |     3 |     5 |     7 |     4 |     5 |    12 ||    37
Armor: Ring mail         |    48 |    33 |       |       |    37 |   366 |   237 |   281 |   235 ||  1237
       Chain mail        |       |     7 |    95 |   128 |   191 |       |       |       |       ||   421
       Fire dragon scale |       |       |       |       |    10 |       |       |       |       ||    10
       Scale mail        |       |       |       |       |    61 |       |       |       |       ||    61
       Robe              |       |       |       |       |       |       |       |       |    75 ||    75
Dodge: Dodged            |    56 |    51 |    77 |   220 |   645 |  1115 |   818 |  1023 |  1163 ||  5168
Block: Buckler           |       |     6 |       |       |       |       |       |       |       ||     6
